 Dungeon Sprint DCSS version 0.27-a0-1140-g099f9bb0e8 (webtiles) character file.

Game seed: 16833047803709313750

11516 Zeld the Sage (level 11, -16/81 HPs)
             Began as an Octopode Fire Elementalist on May 9, 2021.
             Was a High Priest of Sif Muna.
             Killed from afar by a deep elf knight (44 damage)
             ... with a shard of ice
             ... in the Dungeon (Sprint V: "Ziggurat Sprint").
             The game lasted 00:06:50 (4066 turns).

Zeld the Sage (Octopode Fire Elementalist)          Turns: 4066, Time: 00:06:51

Health: -16/81     AC:  1    Str:  7    XL:     11   Next: 79%
Magic:  19/25      EV: 18    Int: 32    God:    Sif Muna [*****.]
Gold:   0          SH:  0    Dex: 14    Spells: 3/30 levels left

rFire    + . .     SeeInvis .   x - staff of fire
rCold    . . .     Faith    .   (no shield)
rNeg     . . .     Spirit   .   (helmet restricted)
rPois    +         Reflect  .   (no amulet)
rElec    .         Harm     .   u - +6 ring of intelligence
rCorr    .         Rampage  .   v - +6 ring of intelligence
Will     +....     NoTele   +   F - ring of willpower
Stlth    +++.......             G - ring of poison resistance
HPRegen  0.23/turn              (no ring)
MPRegen  0.19/turn              (no ring)
                                (no ring)
                                (no ring)

@: no status effects
A: almost no armour, amphibious, 8 rings, camouflage 1, gelatinous body 1,
(nimble swimmer 1), tentacles
a: Renounce Religion, Channel Magic, Forget Spell, Divine Exegesis


You were in the Dungeon.
You worshipped Sif Muna.
Sif Muna was extremely pleased with you.
You visited 1 branch

Inventory:

Armour
 a - a +3 tower shield
Magical Staves
 x - a staff of fire (weapon)
Jewellery
 u - a +6 ring of intelligence (left tentacle)
 v - a +6 ring of intelligence (right tentacle)
 F - a ring of willpower (on tentacle)
 G - a ring of poison resistance (on tentacle)
Wands
 r - a wand of mindburst (7)
 s - a wand of iceblast (1)
 t - a wand of acid (7)
Scrolls
 h - 2 scrolls of amnesia
 i - 7 scrolls of fog
 j - 2 scrolls of holy word
 k - 5 scrolls of identify
 l - a scroll of fear
 z - a scroll of brand weapon
Potions
 b - 10 potions of curing
 c - 9 potions of heal wounds
 d - 6 potions of haste
 e - 7 potions of magic
 f - 3 potions of berserk rage
 m - 3 potions of brilliance
 n - a potion of invisibility
 o - 4 potions of resistance
 q - 5 potions of might
Miscellaneous
 g - a piece from Xom's chessboard (15/15)
 p - a box of beasts
 w - a lightning rod (4/4)
 y - a phial of floods
 A - a condenser vane
 B - a phantom mirror
 C - a piece from Xom's chessboard (15/15)
 D - a box of beasts
 E - a phial of floods
 H - a lightning rod (4/4)
 I - a piece from Xom's chessboard (15/15)


   Skills:
 + Level 10.1 Fighting
 + Level 10.2 Dodging
 - Level 2.6 Stealth
 + Level 10.0 Spellcasting
 + Level 10.7 Conjurations
 * Level 14.9 Fire Magic
 * Level 15.0 Invocations


You had 3 spell levels left.
You knew the following spells:

 Your Spells              Type           Power      Damage    Failure   Level
a - Foxfire               Conj/Fire      100%       2x1d9     0%          1
b - Conjure Flame         Conj/Fire      99%        6-21      1%          3
c - Sticky Flame          Conj/Fire      99%        2d11      1%          4
d - Fireball              Conj/Fire      49%        3d19      1%          5
e - Starburst             Conj/Fire      49%        8x6d14    2%          6
f - Ignition              Fire           53%        3d15      41%         8

Your spell library contained the following spells:

 Spells                   Type           Power      Damage    Failure   Level
 Searing Ray              Conj           100%       3d7       1%          2
 Static Discharge         Conj/Air       50%        N/A       1%          2
 Ignite Poison            Fire/Tmut/Pois 64%        N/A       1%          3
 Inner Flame              Hex/Fire       77%        N/A       1%          3
 Mephitic Cloud           Conj/Pois/Air  39%        N/A       1%          3
 Stone Arrow              Conj/Erth      100%       3d13      1%          3
 Animate Skeleton         Necr           32%        N/A       3%          1
 Sandblast                Erth           32%        2d9       3%          1
 Sting                    Tmut/Pois      64%        1d6       3%          1
 Blink                    Tloc           N/A        N/A       4%          2
 Passwall                 Tmut/Erth      13%        N/A       4%          2
 Confusing Touch          Hex            16%        N/A       9%          3
 Gell's Gravitas          Tloc           8%         N/A       9%          3
 Lesser Beckoning         Tloc           8%         N/A       9%          3
 Teleport Other           Tloc           16%        N/A       9%          3
 Tukima's Dance           Hex            16%        N/A       9%          3
 Iskenderun's Battlesphe  Conj           71%        2d12      1%          5
 Bolt of Magma            Conj/Fire/Erth 41%        4d17      2%          5
 Hailstorm                Conj/Ice       50%        3d11      3%          4
 Ice Form                 Ice/Tmut       16%        N/A       30%         4
 Petrify                  Tmut/Erth      16%        N/A       30%         4
 Summon Lightning Spire   Summ/Air       16%        N/A       30%         4
 Orb of Destruction       Conj           35%        9d13      30%         7
 Conjure Ball Lightning   Conj/Air       25%        3x3d7     45%         6
 Iron Shot                Conj/Erth      25%        9d5       45%         6
 Borgnjor's Vile Clutch   Necr/Erth      8%         N/A       63%         5
 Lee's Rapid Deconstruct  Erth           8%         3d8*      63%         5
 Manifold Assault         Tloc           16%        N/A       63%         5
 Metabolic Englaciation   Hex/Ice        8%         N/A       63%         5
 Silence                  Hex/Air        8%         N/A       63%         5
 Summon Mana Viper        Hex/Summ       16%        N/A       63%         5
 Yara's Violent Unravell  Hex/Tmut       8%         3d5       63%         5
 Freezing Cloud           Conj/Ice/Air   19%        6-21      71%         6
 Spellforged Servitor     Conj/Summ      25%        N/A       96%         7
 Death Channel            Necr           8%         N/A       99%         6
 Statue Form              Tmut/Erth      10%        N/A       99%         6
 Haunt                    Necr/Summ      8%         N/A       100%        7
 Malign Gateway           Summ/Tloc      8%         N/A       100%        7
 Monstrous Menagerie      Summ           8%         N/A       100%        7
 Summon Horrible Things   Summ           8%         N/A       100%        8
 Fire Storm               Conj/Fire      49%        8d13      100%        9
 Tornado                  Air            8%         N/A       100%        9


Dungeon Overview and Level Annotations

Branches:
Dungeon (1/1)

Altars:
Ashenzari
Cheibriados
Dithmenos
Elyvilon
Fedhas
Gozag
Hepliaklqana
Kikubaaqudgha
Makhleb
Nemelex Xobeh
Okawaru
Qazlal
Ru
Sif Muna
Trog
Uskayaw
Vehumet
Wu Jian
Xom
Yredelemnul
Zin
The Shining One
Beogh
Jiyva
Lugonu


Innate Abilities, Weirdness & Mutations

You cannot wear most types of armour.
You are amphibious.
You can wear up to eight rings at the same time.
Your skin changes colour to match your surroundings (Stealth+).
Your rubbery body absorbs attacks. (AC +1, EV +1)
((You are camouflaged near water. (Stealth+)))
You have tentacles for arms and can constrict up to eight enemies at once.


Message History

Your Invocations skill increases to level 15!
Unknown command.
Unknown command.
Press: ? - help, v - describe, . - travel
Here: a fire elemental (severely damaged, ally target)
The floor.
You hit the fire elemental but do no damage.
The fire elemental is severely damaged.
Something hits your larval fireox beast!
The fire elemental barely misses you.
Something hits your larval fireox beast!
Your larval fireox beast dies!
Your larval fireox beast's corpse disappears in a puff of smoke!
Casting: Fireball (mildly dangerous; 1% risk of failure)
Confirm with . or Enter, or press ? or * to list all spells.
You can't see any susceptible monsters within range! (Use Z to cast anyway.) Unknown command.
Casting: Fireball (mildly dangerous; 1% risk of failure)
Confirm with . or Enter, or press ? or * to list all spells.
Okay, then.
Aiming: Iceblast
Press: ? - help, Shift-Dir - straight line The mass of ice explodes!
The iceblast engulfs the fire elemental!
The fire elemental is frozen!
You destroy the fire elemental!
Sif Muna accepts your kill.
You hear some strange, mumbled words.
A lance of force appears from out of thin air!
The lance of force hits you!!
You are knocked back by the lance of force.
You slam into the unnaturally hard rock wall!
* * * LOW HITPOINT WARNING * * *
Unknown command.
You feel much better.
You hear some strange, mumbled words.
A shard of ice appears from out of thin air!
The shard of ice hits you!!!
Ouch! That really hurt!
You die...

▓...).....▓
▓..)|?}"..▓...)).)..▓
▓...).)...▓.........▓
▓....)....▓.........▓
▓.).......▓.........▓
▓.....{...▓.........▓
▓...)§.)..▓.........▓
▓.▓.....▓.▓....©....▓
▓.)..@....▓▓▓▓▓▓▓▓▓▓▓
▓▓▓▓▓▓▓▓▓▓▓


There were no monsters in sight!

Vanquished Creatures
  A death cob (D)
  A deep elf annihilator (D)
  A deep elf knight (D)
  2 deep elf archers (D)
  A deep elf pyromancer (D)
  A deep elf zephyrmancer (D)
  A shining eye (D)
  4 draconians (D)
  A black mamba (D)
  2 eyes of devastation (D)
  A cane toad (D)
  2 merfolk (D)
  6 slime creatures (D)
  An air elemental (D)
  Sigmund (D)
  A basilisk (D)
  A fire elemental (D)
  5 floating eyes (D)
  4 wolves (D)
  Blork the orc (D)
  5 bullfrogs (D)
  An orc priest (D)
  4 jellies (D)
  Jessica (D)
  An orc wizard (D)
  An iguana (D)
  2 orcs (D)
  7 endoplasms (D)
  A jackal (D)
61 creatures vanquished.

Vanquished Creatures (collateral kills)
  A deep elf archer (D)
1 creature vanquished.

Vanquished Creatures (others)
  An endoplasm (D)
  2 foxfires (D)
3 creatures vanquished.

Grand Total: 65 creatures vanquished

Notes
Turn   | Place    | Note
-------+----------+-------------------------------------------
     0 | D        | Zeld the Octopode Fire Elementalist began the quest for the
                  | Orb.
     0 | D        | Reached XP level 1. HP: 11/11 MP: 3/3
     2 | D        | Found a blossoming altar of Fedhas.
     3 | D        | Found the +6 Majin-Bo {vamp, MP+6 Int+6}
     3 | D        | Found the +9 heavy crossbow "Sniper" {vorpal, Acc+∞ SInv}
     3 | D        | Found the +10 dark maul {vorpal}
     3 | D        | Found the +15 Maxwell's patent armour {-Cast -Tele rElec
                  | Will+ rCorr}
     3 | D        | Found the +18 shield of the Gong {rElec rN+ Will+ EV-5}
     3 | D        | Found the +14 obsidian axe {vorpal, Drain Fly SInv}
     3 | D        | Found the +7 great mace "Firestarter" {inner flame, rF++}
     3 | D        | Found the +6 shillelagh "Devastator" {shatter}
     3 | D        | Found the +11 plutonium sword {Contam Stlth-}
     3 | D        | Found the +8 lance "Wyrmbane" {slay drac, rPois rF+ rC+
                  | AC+3}
     3 | D        | Found the +9 sword of Zonguldrok {reap}
     3 | D        | Found the +13 scythe of Curses {drain, Drain}
     3 | D        | Found the +5 sword of Power {vorpal}
     3 | D        | Found the +7 mace of Variability {chain chaos}
     3 | D        | Found the +7 Singing Sword {vorpal, sonic wave}
     3 | D        | Found the +8 storm bow {elec, penet}
     4 | D        | Found a viscous altar of Jiyva.
     4 | D        | Found a hazy altar of Hepliaklqana.
     4 | D        | Found a transporter.
     4 | D        | Found an opulent altar of Gozag.
     4 | D        | Found an ancient bone altar of Kikubaaqudgha.
     4 | D        | Found a corrupted altar of Lugonu.
    14 | D        | Found a burning altar of Makhleb.
    15 | D        | Found a sacrificial altar of Ru.
    15 | D        | Found a shimmering blue altar of Sif Muna.
    15 | D        | Found a stormy altar of Qazlal.
    15 | D        | Found a bloodstained altar of Trog.
    15 | D        | Found an iron altar of Okawaru.
    15 | D        | Found a sparkling altar of Nemelex Xobeh.
    32 | D        | Reached XP level 2. HP: 17/17 MP: 3/6
    35 | D        | Became a worshipper of Sif Muna the Loreminder
   225 | D        | Entered arena 2.
   225 | D        | Noticed a merfolk
   225 | D        | Noticed a merfolk
   225 | D        | Found a transporter.
   232 | D        | Killed a merfolk
   232 | D        | Killed a merfolk
   233 | D        | Reached skill level 5 in Spellcasting
   233 | D        | Reached skill level 5 in Conjurations
   233 | D        | Reached skill level 6 in Invocations
   233 | D        | Reached XP level 3. HP: 27/27 MP: 7/10
   233 | D        | Reached XP level 4. HP: 33/33 MP: 7/11
   233 | D        | Reached XP level 5. HP: 37/37 MP: 8/13
   233 | D        | Reached XP level 6. HP: 43/43 MP: 8/14
   237 | D        | Learned a level 3 spell: Conjure Flame
   242 | D        | Learned a level 4 spell: Sticky Flame
   248 | D        | Learned a level 5 spell: Fireball
   750 | D        | Entered arena 3.
   750 | D        | Noticed Sigmund
   750 | D        | Noticed Jessica
   750 | D        | Noticed Blork the orc
   750 | D        | Found a transporter.
   751 | D        | Killed Jessica
   751 | D        | Reached * piety under Sif Muna
   752 | D        | Reached XP level 7. HP: 41/48 MP: 9/15
   754 | D        | Killed Blork the orc
   754 | D        | Killed Sigmund
   755 | D        | Reached skill level 5 in Dodging
   755 | D        | Reached skill level 7 in Invocations
  1157 | D        | Entered arena 4.
  1157 | D        | Found a transporter.
  1158 | D        | Reached ** piety under Sif Muna
  1159 | D        | Reached skill level 5 in Fighting
  1159 | D        | Reached skill level 8 in Invocations
  1427 | D        | Entered arena 5.
  1427 | D        | Found a transporter.
  1428 | D        | Identified the +4 ring mail of Gehenna {Contam Rampage
                  | rPois SInv}
  1429 | D        | Reached *** piety under Sif Muna
  1720 | D        | Entered arena 6.
  1720 | D        | Noticed a death cob
  1720 | D        | Noticed a draconian
  1720 | D        | Noticed a draconian
  1720 | D        | Noticed a draconian
  1720 | D        | Noticed a draconian
  1720 | D        | Found a transporter.
  1724 | D        | Killed a draconian
  1724 | D        | Killed a draconian
  1724 | D        | Killed a draconian
  1724 | D        | Reached **** piety under Sif Muna
  1725 | D        | Reached skill level 10 in Invocations
  1725 | D        | Reached XP level 8. HP: 58/58 MP: 1/18
  1725 | D        | Reached XP level 9. HP: 63/63 MP: 1/19
  1731 | D        | Killed a death cob
  1732 | D        | Reached skill level 11 in Invocations
  1732 | D        | Reached XP level 10. HP: 41/71 MP: 8/22
  1742 | D        | Killed a draconian
  1743 | D        | Reached skill level 12 in Invocations
  2036 | D        | Entered arena 7.
  2036 | D        | Noticed a black mamba
  2036 | D        | Noticed a cane toad
  2039 | D        | Killed a cane toad
  2039 | D        | Reached ***** piety under Sif Muna
  2039 | D        | Killed a black mamba
  2039 | D        | Identified Sif Muna's Catalogue of Glacial Stolen Souls
                  | (Sif Muna gifted it to you in the Dungeon)
  2039 | D        | Received a gift from Sif Muna
  2044 | D        | Found a transporter.
  2149 | D        | Got the ring "Tokhleaca" {Ice rCorr Dex+5}
  2498 | D        | Entered arena 8.
  2544 | D        | Found a transporter.
  2620 | D        | Got the ring "Beuklott" {Fire rN++ Dex+2}
  2797 | D        | Entered arena 9.
  2797 | D        | Noticed an eye of devastation
  2801 | D        | Reached skill level 13 in Invocations
  2801 | D        | Identified Sif Muna's Reference Book on Hurtful Bewitchment
                  | (Sif Muna gifted it to you in the Dungeon)
  2801 | D        | Received a gift from Sif Muna
  2804 | D        | Killed an eye of devastation
  2818 | D        | Learned a level 9 spell: Fire Storm
  2818 | D        | Found a transporter.
  2944 | D        | Got the Compendium of Cankerous Clay
  3143 | D        | Entered arena 10.
  3145 | D        | Identified Sif Muna's Guide on Earth and the Glacier (Sif
                  | Muna gifted it to you in the Dungeon)
  3145 | D        | Received a gift from Sif Muna
  3146 | D        | Reached XP level 11. HP: 78/78 MP: 13/24
  3157 | D        | Found a transporter.
  3204 | D        | Got the Grimoire of Bewitchment
  3432 | D        | Entered arena 11.
  3432 | D        | Noticed a shining eye
  3435 | D        | Received a gift from Sif Muna
  3435 | D        | Killed a shining eye
  3440 | D        | Reached skill level 10 in Conjurations
  3442 | D        | Reached skill level 14 in Invocations
  3445 | D        | Found a transporter.
  3524 | D        | Got the Incunabulum of Ashen Attacks
  3543 | D        | Learned a level 6 spell: Starburst
  3867 | D        | Learned a level 6 spell: Starburst
  3876 | D        | Learned a level 8 spell: Ignition
  4049 | D        | Entered arena 12.
  4049 | D        | Noticed a deep elf annihilator
  4049 | D        | Noticed a deep elf archer
  4049 | D        | Noticed a deep elf knight
  4049 | D        | Noticed a deep elf archer
  4050 | D        | Noticed a deep elf pyromancer
  4050 | D        | Noticed a deep elf zephyrmancer
  4052 | D        | Noticed a deep elf archer
  4052 | D        | Killed a deep elf knight
  4052 | D        | Identified the +8 dagger "Fiva" {drain, *Rage rPois rF+
                  | Int+3}
  4052 | D        | Noticed a deep elf knight
  4053 | D        | Killed a deep elf annihilator
  4053 | D        | Killed a deep elf archer
  4057 | D        | Killed a deep elf zephyrmancer
  4057 | D        | Identified Sif Muna's Papyrus of the Pit (Sif Muna gifted
                  | it to you in the Dungeon)
  4057 | D        | Received a gift from Sif Muna
  4057 | D        | Killed a deep elf archer
  4058 | D        | Reached skill level 10 in Dodging
  4062 | D        | Killed a deep elf pyromancer
  4063 | D        | Reached skill level 10 in Fighting
  4063 | D        | Reached skill level 10 in Spellcasting
  4063 | D        | Killed a deep elf archer
  4064 | D        | Reached skill level 15 in Invocations
  4066 | D        | Killed from afar by a deep elf knight

Illustrated notes

Levels and vault maps discovered:
D:        sprint_v [room_start, room_1, room_2, room_3, room_4, room_5, room_6,
          room_7, room_8, room_9, room_10, room_11, room_12, room_13, room_14,
          room_15, room_16, room_17, room_18, room_19, room_20, room_21,
          room_22, room_23, room_24, room_25, room_26, room_27]

Skill      XL: |  1  2  3  4  5  6  7  8  9 10 11 |
---------------+----------------------------------+-----
Spellcasting   | 3 5 7 8 9 10 | 10.0
Conjurations   | 3 5 7 8 9 10 | 10.7
Fire Magic     | 6 8 11 12 13 14 | 14.9
Fighting       | 4 6 7 8 10 | 10.1
Dodging        | 4 6 7 9 10 | 10.2
Invocations    | 6 10 11 13 15 | 15.0
Stealth        | |  2.6

Action                   |  1- 3 |  4- 6 |  7- 9 | 10-12 || total
-------------------------+-------+-------+-------+-------++-------
Melee: Staff             |       |       |       |     1 ||     1
 Cast: Fireball          |       |     1 |    11 |    30 ||    42
       Sticky Flame      |       |       |     1 |     1 ||     2
       Foxfire           |       |       |       |     1 ||     1
Invok: Channel Magic     |       |       |     3 |     3 ||     6
Evoke: Wand              |     5 |       |       |     1 ||     6
       Lightning rod     |       |       |       |     2 ||     2
       Box of beasts     |       |       |       |     1 ||     1
  Use: Potion            |     2 |       |       |     1 ||     3
       Scroll            |     1 |       |     3 |     3 ||     7
Dodge: Dodged            |       |       |     3 |    13 ||    16

Table legend: (Time is in decaauts)
 A = Elapsed time spent in this place.
 B = Non-inter-level travel time spent in this place.
 C = Inter-level travel time spent in this place.
 D = Time resting spent in this place.
 E = Time spent auto-exploring this place.
 F = Levels seen in this place.
 G = Mean time per level.
                   A        B        C        D        E       F      G
               +--------+--------+--------+--------+--------+-----+--------+
         Total |   4064 |   4064 |      0 |   3711 |     18 |   1 | 4064.0 |
       Dungeon |   4064 |   4064 |      0 |   3711 |     18 |   1 | 4064.0 |
               +--------+--------+--------+--------+--------+-----+--------+

Top non-repeatable levels by time:
       D: 4064 daAuts
